 Dungeon Crawl Stone Soup version 0.19-a0-1673-g1c1b307 (webtiles) character file.

75631 Crabhammer the Thaumaturge (level 15, 0/78 HPs)
             Began as a Spriggan Enchanter on Sept 22, 2016.
             Was the Champion of Dithmenos.
             Killed from afar by a deep elf knight (36 damage)
             ... with a shard of ice
             ... on level 1 of the Orcish Mines on Sept 23, 2016.
             The game lasted 02:50:07 (29244 turns).

Crabhammer the Thaumaturge (Spriggan Enchanter)    Turns: 29244, Time: 02:50:07

Health: 0/78       AC:  3    Str:  4    XL:     15   Next: 10%
Magic:  5/33       EV: 23    Int: 23    God:    Dithmenos [******]
Gold:   1498       SH:  8    Dex: 17    Spells: 10 memorised, 11 levels left

rFire  . . .     SeeInvis +     a - +1 dagger (vamp)
rCold  + + .     Gourm    .     o - +1 robe {rC+}
rNeg   . . .     Faith    .     x - +0 buckler "Egafod" {rCorr}
rPois  .         Spirit   .     (helmet restricted)
rElec  .         Dismiss  .     (no cloak)
rCorr  +         Reflect  .     (gloves unavailable)
MR     +++..     Harm     .     (boots unavailable)
Stlth  ++++++++++               D - amulet of magic regeneration
                                Q - ring of protection from cold
                                w - ring of protection from magic

@: wreathed by umbra, very quick
A: unfitting armour, see invisible, herbivore 3, speed 3, slow metabolism 2
a: Shadow Step, Shadow Form, Renounce Religion


You were on level 1 of the Orcish Mines.
You worshipped Dithmenos.
Dithmenos was exalted by your worship.
You were not hungry.

You visited 4 branches of the dungeon, and saw 22 of its levels.
You also visited: Labyrinth, Sewer and Ossuary.

You collected 1498 gold pieces.

Inventory:

Hand Weapons
 a - a +1 vampiric dagger (weapon)
Armour
 o - a +1 robe of cold resistance (worn)
 x - the +0 buckler "Egafod" (worn) {rCorr}
   (You acquired it on level 10 of the Dungeon)

   It protects you from acid and corrosion.
Magical Staves
 L - an uncursed staff of energy {unknown}
 O - an uncursed staff of conjuration {unknown}
Rods
 K - a +3 lightning rod (12/12)
   (You found it on level 9 of the Dungeon)
Jewellery
 i - the ring of Cuate {+Fly rPois rF+ MP+9 Slay-6}
   (You found it in a labyrinth)

   [ring of protection from fire]

   It affects your accuracy and damage with ranged weapons and melee attacks
   (-6).
   It protects you from fire.
   It protects you from poison.
   It affects your magic capacity (+9).
   It lets you fly.
 k - an uncursed amulet of regeneration
 w - a ring of protection from magic (left hand)
 D - an amulet of magic regeneration (around neck)
 F - an uncursed ring of wizardry
 Q - a ring of protection from cold (right hand)
Wands
 h - a wand of disintegration (8/24)
 W - a wand of iceblast (7/15)
Scrolls
 f - 6 scrolls of enchant armour
 l - 5 scrolls of recharging
 r - 6 scrolls of amnesia
 s - 3 scrolls of fog
 t - 3 scrolls of identify
 y - 11 scrolls of remove curse
 z - 17 scrolls of teleportation
 C - 3 scrolls of magic mapping
 S - 2 scrolls of blinking
 U - a scroll of fear
Potions
 b - 2 potions of agility
 e - 5 potions of might
 g - 16 potions of curing
 j - 5 potions of brilliance
 m - 3 potions of flight
 p - 3 potions of haste
 q - 4 potions of lignification
 v - 3 potions of heal wounds
 E - a potion of cancellation
 G - a potion of resistance
 H - a potion of cure mutation
 I - 2 potions of berserk rage
Books
 c - a book of Maledictions

   Spells                             Type                      Level
   a - Corona                         Hexes                        1
   b - Ensorcelled Hibernation        Hexes/Ice                    2
   c - Confuse                        Hexes                        3
   d - Tukima's Dance                 Hexes                        3
   e - Dazzling Spray                 Conjuration/Hexes            3
 B - a book of Power

   Spells                             Type                      Level
   a - Fulminant Prism                Conjuration/Hexes            4
   b - Iskenderun's Mystic Blast      Conjuration                  4
   c - Venom Bolt                     Conjuration/Poison           5
   d - Bolt of Magma                  Conjuration/Fire/Earth       5
   e - Iron Shot                      Conjuration/Earth            6
   f - Orb of Destruction             Conjuration                  7
   g - Spellforged Servitor           Conjuration/Summoning        7
 P - a book of Beasts

   Spells                             Type                      Level
   a - Summon Butterflies             Summoning                    1
   b - Call Canine Familiar           Summoning                    3
   c - Summon Ice Beast               Ice/Summoning                4
   d - Summon Mana Viper              Hexes/Summoning              5
   e - Summon Hydra                   Summoning                    7
 V - a book of Conjurations

   Spells                             Type                      Level
   a - Magic Dart                     Conjuration                  1
   b - Searing Ray                    Conjuration                  2
   c - Dazzling Spray                 Conjuration/Hexes            3
   d - Fulminant Prism                Conjuration/Hexes            4
   e - Iskenderun's Mystic Blast      Conjuration                  4
   f - Iskenderun's Battlesphere      Conjuration/Charms           5
 X - Deeneeke's Grimoire of Scorching Poison
   (You found it in a labyrinth)

   Spells                             Type                      Level
   a - Flame Tongue                   Conjuration/Fire             1
   b - Ignite Poison                  Fire/Transmutation/Poison    3
   c - Spider Form                    Transmutation/Poison         3
Miscellaneous
 n - 2 boxes of beasts
 N - a phial of floods
 T - a fan of gales
Comestibles
 d - 6 bread rations
 u - 14 fruits
 A - 3 royal jellies
 J - a slice of pizza


   Skills:
 * Level 8.7 Fighting
 * Level 10.8 Short Blades
 + Level 7.3 Dodging
 + Level 13.8 Stealth
 + Level 7.0 Shields
 + Level 13.9 Spellcasting
 + Level 3.3 Conjurations
 + Level 12.6 Hexes
 * Level 7.0 Summonings
 + Level 4.0 Ice Magic
 * Level 2.6 Invocations


You had 11 spell levels left.
You knew the following spells:

 Your Spells              Type           Power        Failure   Level  Hunger
a - Corona                Hex            ######.      1%          1    None
b - Ensorcelled Hibernat  Hex/Ice        ######       1%          2    None
c - Confuse               Hex            ######..     1%          3    None
d - Dazzling Spray        Conj/Hex       ######       1%          3    None
e - Summon Butterflies    Summ           #####...     1%          1    None
f - Summon Ice Beast      Ice/Summ       #####...     4%          4    None
g - Summon Mana Viper     Hex/Summ       ######..     1%          5    ###....
h - Fulminant Prism       Conj/Hex       ######....   1%          4    None
i - Iskenderun's Mystic   Conj           ####....     12%         4    None
j - Tukima's Dance        Hex            ######..     1%          3    None


Dungeon Overview and Level Annotations

Branches:
Dungeon (14/15)            Temple (1/1) D:5            Lair (6/6) D:9
  Swamp (0/4) Lair:4        Snake (0/4) Lair:3        Slime (0/5) Lair:6
    Orc (1/2) D:10         Vaults (0/5) D:13

Altars:
Ashenzari
Cheibriados
Dithmenos
Elyvilon
Fedhas
Gozag
Hepliaklqana
Kikubaaqudgha
Makhleb
Nemelex Xobeh
Okawaru
Qazlal
Trog
Uskayaw
Vehumet
Xom
Yredelemnul
Zin

Shops:
D:11 (

Annotations:
D:11 Urug


Innate Abilities, Weirdness & Mutations

You are tiny and cannot use many weapons and most armour.
You have supernaturally acute eyesight. (SInv)
You are a herbivore.
You cover ground extremely quickly.
You need consume almost no food.


Message History

Okay, then.
The deep elf knight hits your ice beast!
The deep elf knight hits your ice beast.
Your ice beast dies!
Your ice beast hits the ogre.
Your ice beast freezes the ogre.
The deep elf knight hits your ice beast.
The deep elf knight points at you and mumbles some strange words.
The shard of ice misses you.
Your encrusted scimitar {antimagic} misses the deep elf knight.
The orc warrior completely misses you. Something hits your ice beast!
Your ice beast dies!
The deep elf knight is no longer moving quickly.
The deep elf knight points at you and mumbles some strange words.
The shard of ice hits you! You partially resist.
You emit a cloud of dark smoke.
There is a staircase back to the Dungeon, spattered with blood here.
The deep elf knight casts a spell at you.
The shard of ice hits you! You partially resist.
You die...

##.#...>.............##
##.#.................####
#...##)#$........#..##..#
##.......(.e..............
#...O..(.Y.#...o........$#
##..Y..........#..[#.)..#
##.........>.[#.§..[.[.##
#..$.#........§§§§....)..
#.......#..#..§@§§......#
##...........§§§§§.....#.
###.#.#..$.....[........
##.#..................
#.....................
##.#.................#
####..........#.##...
#...#.....###. ..#
#...###...# ..


You could see a deep elf knight (invisible), an orc warrior, a friendly ice
beast and a friendly encrusted scimitar {antimagic}.

Vanquished Creatures
  A dire elephant (Lair:6)
  Snorg (Lair:3)
  A minotaur (Lab)
  The ghost of ahabkang the Carver, a journeyman DsBe of Trog (Orc:1)
  A vault guard (D:13)
  Fannar (Lair:2)
  8 hydras
  2 centaur warriors
  17 death yaks
  2 catoblepae
  A deep troll shaman (Lair:6)
  An orc high priest (Orc:1)
  Sonja (D:13)
  Nergalle (Orc:1)
  An unseen horror (D:11)
  A swamp dragon (Lair:4)
  A hill giant (D:11)
  A phantasmal warrior (D:14)
  Pikel (D:4)
  2 oklob plants (Lair:5)
  A cyclops (D:11)
  2 ugly things
  29 elephants
  A manticore (D:12)
  Joseph (D:10)
  A torpor snail (Lair:5)
  2 black mambas
  2 centaur zombies
  A gargoyle (D:11)
  11 spiny frogs
  2 centaur skeletons (D:12)
  5 rime drakes
  An efreet (D:13)
  A freezing wraith (D:14)
  4 komodo dragons
  A two-headed ogre (D:11)
  3 polar bears
  A troll (D:10)
  11 dream sheep
  3 blink frogs
  5 slime creatures
  12 hippogriffs
  2 shadows
  The ghost of tedric the Sneak, an amateur TeAE (D:4)
  57 yaks
  A wraith (D:10)
  7 wyverns
  4 basilisks
  3 wargs
  2 nagas (Lair:3)
  12 water moccasins
  4 porcupines
  Duvessa (D:4)
  4 slaves (D:4)
  3 black bears
  7 orc warriors
  3 ice beasts
  An eye of draining (Lair:6)
  4 ogres
  9 centaurs
  5 wolves (Lair:6)
  11 crocodiles
  An elf zombie (Ossuary)
  7 big kobolds
  10 bullfrogs
  Dowan (D:4)
  A scorpion (D:7)
  A killer bee (D:8)
  3 howler monkeys
  6 crimson imps
  A human zombie (Ossuary)
  3 jellies
  3 bullfrog zombies
  6 hounds
  11 orc priests
  14 orc wizards
  Terence (D:2)
  8 iguanas
  4 worker ants
  Ijyb (D:3)
  Natasha (thrice) (D:4)
  2 big kobold zombies (Ossuary)
  2 hound zombies
  A hound skeleton (D:5)
  4 mummies (Ossuary)
  A worker ant zombie (D:7)
  A howler monkey skeleton (D:9)
  12 adders
  49 river rats
  3 shadow imps
  2 oozes
  2 adder zombies
  3 adder skeletons
  3 worms
  6 dart slugs
  4 leopard geckos
  51 orcs
  4 ball pythons
  7 bats
  8 giant cockroaches
  A gnoll zombie (Ossuary)
  9 goblins
  8 hobgoblins
  7 jackals
  26 kobolds
  4 quokkas
  10 frilled lizards
  3 hobgoblin zombies (Ossuary)
  48 rats
  A rat zombie (Ossuary)
  2 fungi
656 creatures vanquished.

Vanquished Creatures (collateral kills)
  3 death yaks
  A deep elf mage (Orc:1)
  An eye of devastation (Lair:6)
5 creatures vanquished.

Vanquished Creatures (others)
  2 dream sheep (Lair:6)
  A kobold zombie (Ossuary)
  86 fulminant prisms
  13 fungi
  4 plants (Lair:6)
106 creatures vanquished.

Grand Total: 767 creatures vanquished

Notes
Turn   | Place    | Note
-------+----------+-------------------------------------------
     0 | D:1      | Crabhammer the Spriggan Enchanter began the quest for the Orb.
     0 | D:1      | Reached XP level 1. HP: 9/9 MP: 5/5
   235 | D:1      | Reached XP level 2. HP: 13/13 MP: 6/6
   239 | D:1      | Reached skill level 5 in Stealth
   329 | D:1      | Learned a level 2 spell: Ensorcelled Hibernation
   747 | D:1      | Reached XP level 3. HP: 16/17 MP: 2/8
  1757 | D:2      | Noticed Terence
  1785 | D:2      | Learned a level 3 spell: Confuse
  1817 | D:2      | Killed Terence
  1817 | D:2      | Reached XP level 4. HP: 21/21 MP: 4/9
  1953 | D:2      | Found a stormy altar of Qazlal.
  1954 | D:2      | Noticed an earth elemental
  1956 | D:2      | Noticed a water elemental
  1956 | D:2      | Noticed a fire elemental
  1956 | D:2      | Noticed an air elemental
  2131 | D:2      | Reached skill level 1 in Fighting
  2839 | D:2      | Reached XP level 5. HP: 25/25 MP: 10/10
  3305 | D:3      | Noticed Ijyb
  3311 | D:3      | Killed Ijyb
  3311 | D:3      | Reached skill level 1 in Shields
  3339 | D:3      | Learned a level 3 spell: Dazzling Spray
  4211 | D:3      | Reached XP level 6. HP: 30/30 MP: 9/12
  4495 | D:4      | Noticed Natasha
  4498 | D:4      | Killed Natasha
  4828 | D:4      | Noticed tedric's ghost (amateur TeAE)
  5435 | D:4      | Noticed Natasha
  5499 | D:4      | Killed Natasha
  6134 | D:4      | Reached XP level 7. HP: 34/34 MP: 14/14
  6143 | D:4      | Reached skill level 1 in Ice Magic
  6321 | D:4      | Noticed Natasha
  6351 | D:4      | Killed Natasha
  6475 | D:4      | Noticed Pikel
  6768 | D:4      | Noticed Duvessa
  6771 | D:4      | Noticed Dowan
  6795 | D:4      | Killed Duvessa
  6795 | D:4      | Reached skill level 5 in Spellcasting
  7203 | D:4      | Killed Dowan
  7337 | D:4      | Killed tedric's ghost
  7422 | D:4      | Killed Pikel
  7422 | D:4      | Reached skill level 5 in Hexes
  7422 | D:4      | Reached XP level 8. HP: 39/39 MP: 4/19
  7643 | D:5      | Entered Level 5 of the Dungeon
  7643 | D:5      | Found a staircase to the Ecumenical Temple.
  7650 | Temple   | Entered the Ecumenical Temple
  7747 | Temple   | Became a worshipper of Dithmenos the Shadowed
  7864 | D:5      | Found a glowing drain.
  7929 | Sewer    | Entered a sewer
  8073 | Sewer    | Found a white marble altar of Elyvilon.
  8583 | D:5      | Found a radiant altar of Vehumet.
  8703 | D:5      | Reached * piety under Dithmenos
  8882 | D:6      | Found a sand-covered staircase.
  8891 | Ossuary  | Entered an ossuary
  9857 | D:6      | Reached XP level 9. HP: 44/44 MP: 21/21
 10216 | D:7      | Reached ** piety under Dithmenos
 10769 | D:7      | Reached skill level 5 in Short Blades
 10835 | D:7      | Got an iridescent shortbow
 11415 | D:8      | Found a glowing silver altar of Zin.
 11728 | D:8      | Reached skill level 10 in Stealth
 11728 | D:8      | Reached XP level 10. HP: 51/51 MP: 11/24
 11821 | D:8      | Reached *** piety under Dithmenos
 11854 | D:8      | Noticed a two-headed hydra
 11858 | D:8      | Killed a two-headed hydra
 12048 | D:9      | Found a staircase to the Lair.
 12178 | D:9      | Reached skill level 10 in Spellcasting
 12250 | D:9      | Found a burning altar of Makhleb.
 12506 | D:10     | Entered Level 10 of the Dungeon
 12564 | D:10     | Noticed Joseph
 12576 | D:10     | Killed Joseph
 12865 | D:10     | Reached skill level 5 in Fighting
 12951 | D:10     | Found a staircase to the Orcish Mines.
 13273 | D:10     | Learned a level 1 spell: Summon Butterflies
 13278 | D:10     | Learned a level 4 spell: Summon Ice Beast
 13284 | D:10     | Learned a level 5 spell: Summon Mana Viper
 13335 | D:10     | Identified a scroll of acquirement
 13336 | D:10     | Got a spiked buckler
 13347 | D:10     | Identified the +0 buckler "Egafod" {rCorr} (You acquired it on level 10 of the Dungeon)
 13366 | D:11     | Noticed a cyclops
 13443 | D:11     | Reached **** piety under Dithmenos
 13521 | D:11     | Noticed an unseen horror
 13528 | D:11     | Killed an unseen horror
 13604 | D:11     | Noticed a brown ugly thing
 13607 | D:11     | Killed a brown ugly thing
 13607 | D:11     | Reached skill level 1 in Summonings
 13607 | D:11     | Reached XP level 11. HP: 56/56 MP: 26/26
 13678 | D:11     | Reached skill level 5 in Shields
 13727 | D:11     | Found Qieg's Antique Weapon Boutique.
 13733 | D:11     | Noticed a hill giant
 13764 | D:11     | Killed a hill giant
 14102 | D:11     | Noticed Urug
 15101 | D:12     | Noticed a seven-headed hydra
 15104 | D:12     | Killed a seven-headed hydra
 15420 | D:12     | Reached skill level 5 in Dodging
 15688 | D:12     | Reached ***** piety under Dithmenos
 15805 | D:13     | Noticed Sonja
 15810 | D:13     | Killed Sonja
 15865 | D:13     | Noticed a centaur warrior
 15924 | D:13     | Noticed a five-headed hydra
 15929 | D:13     | Found a gate to the Vaults.
 15929 | D:13     | Noticed a vault guard
 15934 | D:13     | Killed a five-headed hydra
 15942 | D:13     | Killed a vault guard
 15942 | D:13     | Reached XP level 12. HP: 62/62 MP: 27/27
 16027 | D:13     | Killed a centaur warrior
 16115 | D:13     | Found a white marble altar of Elyvilon.
 16659 | D:14     | Noticed a centaur warrior
 16853 | D:14     | Killed a centaur warrior
 16938 | D:14     | Noticed a death knight
 17195 | Lair:1   | Entered Level 1 of the Lair of Beasts
 17965 | Lair:2   | Found a labyrinth entrance.
 17974 | Lab      | Entered a labyrinth
 18350 | Lab      | Noticed a minotaur
 18355 | Lab      | Killed a minotaur
 18360 | Lab      | Identified Deeneeke's Grimoire of Scorching Poison
 18367 | Lab      | Got a transparent tin ring
 18369 | Lab      | Identified the ring of Cuate {+Fly rPois rF+ MP+9 Slay-6} (You found it in a labyrinth)
 18372 | Lab      | Got a jewelled dire flail
 18472 | Lair:2   | Noticed a five-headed hydra
 18479 | Lair:2   | Killed a five-headed hydra
 18536 | Lair:2   | Noticed a seven-headed hydra
 18544 | Lair:2   | Killed a seven-headed hydra
 18631 | Lair:2   | Noticed Fannar
 19013 | Lair:2   | Killed Fannar
 19013 | Lair:2   | Reached XP level 13. HP: 67/67 MP: 15/29
 19247 | Lair:3   | Reached skill level 10 in Hexes
 19368 | Lair:3   | Noticed Snorg
 19369 | Lair:3   | Found a staircase to the Snake Pit.
 19517 | Lair:3   | Killed Snorg
 20105 | Lair:4   | Reached skill level 5 in Summonings
 20186 | Lair:4   | Reached ****** piety under Dithmenos
 20577 | Lair:4   | Found a staircase to the Swamp.
 20958 | Lair:5   | Got a pitted steel amulet
 20966 | Lair:5   | Identified the amulet of Soecafek {*Drain +Rage rF+ Str+3 SInv} (You found it on level 5 of the Lair of Beasts)
 21641 | Lair:5   | Learned a level 4 spell: Fulminant Prism
 21649 | Lair:5   | Learned a level 4 spell: Iskenderun's Mystic Blast
 21732 | Lair:5   | Reached skill level 1 in Conjurations
 22798 | Lair:6   | Entered Level 6 of the Lair of Beasts
 23329 | Lair:5   | Reached XP level 14. HP: 73/73 MP: 28/32
 23668 | Lair:5   | Reached skill level 10 in Short Blades
 24971 | Lair:6   | Found a staircase to the Slime Pits.
 25030 | Lair:6   | Reached skill level 1 in Invocations
 28070 | Lair:6   | Reached XP level 15. HP: 35/78 MP: 17/33
 28391 | Lair:6   | Learned a level 3 spell: Tukima's Dance
 28617 | Orc:1    | Entered Level 1 of the Orcish Mines
 28621 | Orc:1    | Noticed Nergalle
 28637 | Orc:1    | Killed Nergalle
 28641 | Orc:1    | Noticed ahabkang's ghost (journeyman DsBe)
 29108 | Orc:1    | Killed ahabkang's ghost
 29244 | Orc:1    | Killed from afar by a deep elf knight

Vault maps used:
D:1:      denvon_arrival_waterhouse, minmay_pentomino_w2
D:2:      nicolae_qazlal_style_of_elements, hangedman_decor_push,
          kennysheep_big_empty_room, st_stairs_7, minmay_rats_cheesy_pizza,
          uniq_terence
D:3:      uniq_iyjb
D:4:      first_bread, uniq_pikel, uniq_duvessa, uniq_natasha
D:5:      nicolae_overflow_crystal_walls, portal_sewer_entry_e
D:6:      nicolae_ossuary_entry_ruins
D:8:      marbit_many_paths, hangedman_ranch
D:9:      lair_0_dummy, david_defended_altar_elf
D:10:     david_orc_1_choice, uniq_joseph
D:11:     serial_shops, shop, hangedman_abyss_or_decor_stagger, uniq_urug
D:12:     minmay_orc_keep
D:13:     david_vaults_5, elyvilon_altar_3, uniq_sonja
D:14:     kennysheep_windowed_halls, minivault_16
Temple:   dpeg_five_rooms_temple
Lair:1:   grunt_megastairs_1
Lair:2:   lab_entry_generic, uniq_fannar
Lair:3:   guppyfry_snake_entry_island, serial_bayou_pond_e, uniq_snorg
Lair:4:   minmay_swamp_entry_reptiles, infiniplex_staircase_pool
Lair:5:   dpeg_oklob_gauntlet
Lair:6:   grunt_lair_end_beastmaster, minmay_slime_entry_eyes,
          grunt_megastairs_3
Orc:1:    elf_legates, uniq_nergalle
Lab:      labyrinth_hidden_loot
Sewer:    sewer_kobolds
Ossuary:  ossuary_minmay_tomb_2a

Skill      XL: |  1  2  3  4  5  6  7  8  9 10 11 12 13 14 15 |
---------------+----------------------------------------------+-----
Stealth        | 5 6 7 8 10 11 13 | 13.8
Short Blades   | 2 3 4 5 6 7 9 10 | 10.8
Spellcasting   | 3 4 7 9 10 11 13 | 13.9
Fighting       | 1 2 3 4 5 6 7 8 |  8.7
Shields        | 1 2 3 4 5 6 7 |  7.0
Hexes          | 4 5 6 7 8 9 11 12 | 12.6
Ice Magic      | 1 2 3 4 |  4.0
Dodging        | 4 5 6 7 |  7.3
Summonings     | 1 3 4 5 7 |  7.0
Conjurations   | 2 3 |  3.3
Invocations    | 2 |  2.6

Action                   |  1- 3 |  4- 6 |  7- 9 | 10-12 | 13-15 || total
-------------------------+-------+-------+-------+-------+-------++-------
Melee: Dagger            |   163 |   350 |   534 |   528 |   647 ||  2222
 Cast: Corona            |    10 |    18 |     2 |       |       ||    30
       Ensorcelled Hiber |    10 |    25 |    36 |    44 |   137 ||   252
       Confuse           |       |    10 |    65 |   107 |   143 ||   325
       Dazzling Spray    |       |       |       |     2 |    78 ||    80
       Summon Ice Beast  |       |       |       |     2 |    33 ||    35
       Summon Mana Viper |       |       |       |     2 |     3 ||     5
       Fulminant Prism   |       |       |       |       |    86 ||    86
       Summon Butterflie |       |       |       |       |     2 ||     2
       Tukima's Dance    |       |       |       |       |     1 ||     1
Invok: Shadow Step       |       |       |       |       |     1 ||     1
  Use: Scroll            |       |    10 |     9 |    13 |     7 ||    39
       Potion            |       |     4 |     5 |       |       ||     9
 Stab: Sleeping          |    11 |    36 |    49 |    89 |   118 ||   303
       Distracted        |     1 |     1 |       |     1 |     6 ||     9
       Confused          |       |     4 |    32 |    66 |    78 ||   180
       Invisible         |       |       |       |     1 |    11 ||    12
  Eat: Bread ration      |       |     2 |     1 |       |       ||     3
       Pizza             |       |     1 |     1 |       |     6 ||     8
       Fruit             |       |     1 |       |     7 |       ||     8
       Royal jelly       |       |     1 |       |       |       ||     1
Armor: Robe              |    16 |    30 |    17 |    13 |     9 ||    85
Dodge: Dodged            |   105 |   139 |   194 |   184 |   349 ||   971
Block: Buckler           |     7 |    73 |   104 |   100 |   133 ||   417
